[Event "11th LCC Rapid 2019"]
[Site "London"]
[Date "2019.12.07"]
[Round "6.21"]
[White "Karumazondo, Ragarirai Ernest"]
[Black "Watson, Mikey J"]
[Result "0-1"]
[WhiteElo "1900"]
[BlackElo "1973"]
[PlyCount "62"]
[EventDate "2019.12.08"]
[EventType "swiss"]
[EventCountry "ENG"]
[TimeControl "15+10"]
[WhiteClock "0:10:38"]
[BlackClock "0:04:30"]

1. e4 c6 2. Nf3 d5 3. exd5 cxd5 4. Ne5 Nc6 5. d4 Nf6 6. c3 g6 7. Bd3 Bg7 8. f4 O-O 9. O-O Ne4 10. Nd2 Nd6 11. g4 f5 12. g5 Nxe5 13. dxe5 Ne4 14. Nf3 Bd7 15. Be3 Bc6 16. Nd4 Qd7 17. Qe2 e6 18. h4 Ng3 19. Qg2 Nxf1 20. Qxf1 a6 21. a3 Rfc8 22. Qe2 Bf8 23. Kg2 Bc5 24. h5 Bxd4 25. Bxd4 Bb5 26. hxg6 hxg6 27. Rh1 Kg7 28. Qf2 Bxd3 29. Rh6 Be4+ 30. Kg3 Rh8 31. Qh2 Qb5 0-1

[Event "11th LCC Rapid 2019"]
[Site "London"]
[Date "2019.12.07"]
[Round "6.22"]
[White "Titorenko, Kostyantyn"]
[Black "Leslie, Alex"]
[Result "1/2-1/2"]
[WhiteElo "1772"]
[BlackElo "1875"]
[PlyCount "135"]
[EventDate "2019.12.08"]
[EventType "swiss"]
[EventCountry "ENG"]
[TimeControl "15+10"]
[WhiteClock "0:03:02"]
[BlackClock "0:01:43"]

1. e4 c5 2. Nc3 Nc6 3. g3 g6 4. Bg2 Bg7 5. d3 e5 6. Be3 d6 7. Qd2 Be6 8. Nge2 Nge7 9. Bh6 Bxh6 10. Qxh6 Qd7 11. a3 f5 12. O-O-O O-O-O 13. Qd2 Kb8 14. exf5 gxf5 15. f4 Nd4 16. Kb1 Nec6 17. Rhe1 Rhe8 18. Nd5 Qf7 19. Nec3 Ne7 20. Nxe7 Qxe7 21. Ne2 Bg8 22. c4 Bf7 23. Nxd4 cxd4 24. Qb4 Qc7 25. Rc1 Qb6 26. Qxb6 axb6 27. Bh3 Bg6 28. Kc2 Kc7 29. Kd2 Re7 30. b4 Rf8 31. c5 bxc5 32. bxc5 Ra8 33. cxd6+ Kxd6 34. fxe5+ Rxe5 35. Rxe5 Kxe5 36. Bg2 Rxa3 37. Rc5+ Kd6 38. Rd5+ Ke6 39. Rxd4 Ra2+ 40. Ke3 Rxg2 41. Rb4 Rxh2 42. Rxb7 Ra2 43. d4 Ra3+ 44. Kf4 Rd3 45. Rb6+ Kd5 46. Rb5+ Kxd4 47. g4 fxg4 48. Kxg4 Rc3 49. Rb6 Kd5 50. Rf6 Ke5 51. Rf8 Rc7 52. Rf2 Rf7 53. Re2+ Kf6 54. Kh4 Kg7 55. Kg5 h6+ 56. Kh4 h5 57. Rd2 Rf4+ 58. Kg3 Rg4+ 59. Kh3 Kh6 60. Rd6 Rf4 61. Rb6 Kg5 62. Rb5+ Bf5+ 63. Kg3 h4+ 64. Kg2 h3+ 65. Kg3 Rg4+ 66. Kh2 Rg2+ 67. Kh1 Kf4 68. Rxf5+ 1/2-1/2

[Event "11th LCC Rapid 2019"]
[Site "London"]
[Date "2019.12.07"]
[Round "6.23"]
[White "Clarke, Connor"]
[Black "Thatte, Nishchal"]
[Result "1-0"]
[WhiteElo "1704"]
[BlackElo "1723"]
[PlyCount "185"]
[EventDate "2019.12.08"]
[EventType "swiss"]
[EventCountry "ENG"]
[TimeControl "15+10"]
[WhiteClock "0:03:06"]
[BlackClock "0:02:10"]

1. d4 Nf6 2. Nc3 e6 3. Bf4 Bb4 4. Qd3 c5 5. dxc5 Bxc5 6. e4 d6 7. O-O-O Ng4 8. Nh3 e5 9. Bg3 Nc6 10. Nb5 O-O 11. Be2 Nf6 12. Nxd6 Bxd6 13. Qxd6 Qxd6 14. Rxd6 Nxe4 15. Rd3 Be6 16. a3 Rac8 17. f3 Nxg3 18. hxg3 Nd4 19. Bd1 Bf5 20. Rc3 Rxc3 21. bxc3 Nb5 22. g4 Bg6 23. Re1 f6 24. Kb2 Rc8 25. Re3 Nd6 26. Be2 Rc6 27. g5 Rb6+ 28. Kc1 Nf5 29. Rd3 Ng3 30. Rd8+ Kf7 31. Bc4+ Ke7 32. Rg8 fxg5 33. Rxg7+ Kf6 34. Rc7 Nf5 35. Nf2 Ne3 36. Ng4+ Nxg4 37. fxg4 Be4 38. Rf7+ Kg6 39. Rf2 Rc6 40. Bf7+ Kg7 41. c4 Ra6 42. Bh5 Rxa3 43. Rf7+ Kg8 44. Re7 Rc3 45. Kd1 Bxc2+ 46. Kd2 Rg3 47. Kxc2 Rxg2+ 48. Kb3 Re2 49. Rxb7 e4 50. Bf7+ Kf8 51. Bd5 e3 52. Rf7+ Ke8 53. Rf3 Re1 54. Kc2 e2 55. Re3+ Kd8 56. Bf3 Kd7 57. Rxe2 Rg1 58. Rh2 Rg3 59. Rxh7+ Kd6 60. Be2 Ra3 61. Rg7 Ra5 62. Bf3 Ke6 63. Bd5+ Kf6 64. Rf7+ Kg6 65. Rf5 Ra2+ 66. Kb3 Ra1 67. Bf7+ Kg7 68. Bh5 Kh6 69. Rf6+ Kh7 70. Rg6 Ra5 71. Kb4 Re5 72. c5 Re4+ 73. Kb5 Re5 74. Rc6 Re7 75. Ka6 Rd7 76. Rc8 Re7 77. c6 Re1 78. Kxa7 Rc1 79. Rc7+ Kg8 80. Be8 Ra1+ 81. Kb8 Rb1+ 82. Kc8 Kf8 83. Bd7 Re1 84. Kd8 Re6 85. Rc8 Re1 86. Rb8 Kg7 87. c7 Rd1 88. c8=Q Rd6 89. Qc3+ Kf7 90. Qf3+ Kg7 91. Ke7 Ra6 92. Qf7+ Kh6 93. Rh8# 1-0

[Event "11th LCC Rapid 2019"]
[Site "London"]
[Date "2019.12.07"]
[Round "6.24"]
[White "Jain, Gautam"]
[Black "Dupuis, Denis K"]
[Result "1-0"]
[WhiteElo "1900"]
[BlackElo "1599"]
[PlyCount "109"]
[EventDate "2019.12.08"]
[EventType "swiss"]
[EventCountry "ENG"]
[TimeControl "15+10"]
[WhiteClock "0:18:03"]
[BlackClock "0:11:32"]

1. e4 e5 2. Nf3 Nc6 3. Bb5 f5 4. d4 fxe4 5. Nxe5 Nxe5 6. dxe5 c6 7. Be2 Qa5+ 8. Bd2 Qxe5 9. Bh5+ Kd8 10. O-O Nf6 11. Be2 d5 12. Bc3 Qf5 13. f3 Qg6 14. Bxf6+ Qxf6 15. fxe4 Bc5+ 16. Kh1 Qxb2 17. Nd2 Kc7 18. exd5 cxd5 19. Nb3 Bd6 20. Rf7+ Bd7 21. Qxd5 Qe5 22. Qxe5 Bxe5 23. Rd1 Rad8 24. Nc5 Bd6 25. Ne6+ Kc6 26. Bf3+ Kb6 27. Nxd8 Rxd8 28. Rxd6+ Kc7 29. Rdxd7+ Rxd7 30. Rxd7+ Kxd7 31. Bxb7 Kc7 32. Bd5 Kd6 33. Bb3 Kc5 34. Kg1 a5 35. a4 Kd4 36. Kf2 Kc3 37. Ke3 Kb4 38. Kd4 g5 39. Ke5 Kc5 40. Kf5 Kd4 41. Kxg5 Ke3 42. Kh6 Kf2 43. Kxh7 Kxg2 44. h4 Kg3 45. h5 Kg4 46. h6 Kg5 47. Kg7 Kf5 48. h7 Ke5 49. h8=Q Kd6 50. Qh2+ Kc6 51. Qe5 Kd7 52. Be6+ Ke7 53. Bf5+ Kd8 54. Qd6+ Ke8 55. Qd7# 1-0

[Event "11th LCC Rapid 2019"]
[Site "London"]
[Date "2019.12.07"]
[Round "6.25"]
[White "Chakanyuka, Charles"]
[Black "Kirupakaran, Vishnu"]
[Result "1/2-1/2"]
[WhiteElo "1995"]
[BlackElo "1871"]
[PlyCount "100"]
[EventDate "2019.12.08"]
[EventType "swiss"]
[EventCountry "ENG"]
[TimeControl "15+10"]
[WhiteClock "0:06:21"]
[BlackClock "0:05:00"]

1. e4 c5 2. Nf3 d6 3. d4 cxd4 4. Qxd4 a6 5. c4 Nc6 6. Qd1 Nf6 7. Nc3 g6 8. g3 Bg7 9. Bg2 O-O 10. O-O Be6 11. Qe2 Rc8 12. Nd5 Na5 13. Nd2 Bxd5 14. exd5 Qc7 15. Re1 Rfe8 16. Bf1 Nd7 17. Rb1 Ne5 18. b3 b6 19. Bh3 Rb8 20. Bb2 Nb7 21. f4 Nd7 22. Bxg7 Kxg7 23. Nf3 Qc5+ 24. Qf2 Nf6 25. Re2 b5 26. Kg2 bxc4 27. bxc4 Qxc4 28. Reb2 Qxd5 29. Qa7 e6 30. Rxb7 Rxb7 31. Qxb7 Qxa2+ 32. Rb2 Qc4 33. Ng5 Qd5+ 34. Qxd5 Nxd5 35. Rb7 Re7 36. Rxe7 Nxe7 37. Ne4 d5 38. Nc5 a5 39. Kf2 Kf6 40. Ke3 Nc6 41. Kd3 Ke7 42. Kc3 Kd6 43. Nd3 f6 44. Bf1 e5 45. Nf2 exf4 46. gxf4 g5 47. fxg5 fxg5 48. Bb5 Ne5 49. h3 h5 50. Be2 g4 1/2-1/2

[Event "11th LCC Rapid 2019"]
[Site "London"]
[Date "2019.12.07"]
[Round "6.26"]
[White "Zheng, William"]
[Black "Ignatovic, Ernest"]
[Result "0-1"]
[WhiteElo "1672"]
[BlackElo "1703"]
[PlyCount "68"]
[EventDate "2019.12.08"]
[EventType "swiss"]
[EventCountry "ENG"]
[TimeControl "15+10"]
[WhiteClock "0:08:04"]
[BlackClock "0:08:38"]

1. e4 e6 2. d4 d5 3. exd5 exd5 4. Nf3 Bd6 5. Bd3 Nc6 6. O-O h6 7. h3 Be6 8. c3 Qd7 9. Re1 O-O-O 10. b4 g5 11. Na3 Nf6 12. Nb5 g4 13. Nxd6+ Qxd6 14. Ne5 gxh3 15. g3 Rdg8 16. Bf4 Qf8 17. Nxc6 bxc6 18. Qa4 Nh5 19. Be5 f6 20. Qxc6 fxe5 21. Qxe6+ Kb8 22. Qxe5 h2+ 23. Kg2 Nf4+ 24. Kh1 Nxd3 25. Qxd5 Nxe1 26. Qb5+ Kc8 27. Qa6+ Kb8 28. Qb5+ Kc8 29. Qa6+ Kd7 30. Qb5+ Kd8 31. Qb8+ Kd7 32. Qb5+ c6 33. Qb7+ Kd6 34. Rxe1 Qf3+ {[%emt 0:00:00] Kg1} 0-1

[Event "11th LCC Rapid 2019"]
[Site "London"]
[Date "2019.12.07"]
[Round "6.27"]
[White "Trivedi, Aarnavh"]
[Black "Conway, Paul Bernard"]
[Result "1-0"]
[WhiteElo "1761"]
[BlackElo "1837"]
[PlyCount "59"]
[EventDate "2019.12.08"]
[EventType "swiss"]
[EventCountry "ENG"]
[TimeControl "15+10"]
[WhiteClock "0:02:54"]
[BlackClock "0:02:29"]

1. d4 Nf6 2. Bf4 g6 3. e3 Bg7 4. c3 d6 5. Bd3 Nbd7 6. Nf3 O-O 7. Nbd2 Re8 8. Bc4 d5 9. Bd3 c6 10. O-O Qb6 11. Qc2 Nh5 12. Rfe1 e5 13. dxe5 Nxe5 14. Nxe5 Bxe5 15. Bxe5 Rxe5 16. Nf3 Re8 17. h3 Ng7 18. e4 dxe4 19. Bxe4 Nf5 20. Bd3 Bd7 21. Ne5 Be6 22. Ng4 Kg7 23. Qd2 Rad8 24. Rad1 h5 25. Ne5 Bxa2 26. Qg5 Be6 27. g4 hxg4 28. Nxg4 Rh8 29. Bxf5 Bxf5 30. Qf6+ 1-0

[Event "11th LCC Rapid 2019"]
[Site "London"]
[Date "2019.12.07"]
[Round "6.29"]
[White "Sandhu, Manvith"]
[Black "Rushbrooke, Tibo"]
[Result "0-1"]
[WhiteElo "1673"]
[BlackElo "1730"]
[PlyCount "48"]
[EventDate "2019.12.08"]
[EventType "swiss"]
[EventCountry "ENG"]
[TimeControl "15+10"]
[WhiteClock "0:01:03"]
[BlackClock "0:06:29"]

1. e4 e5 2. Nf3 Nc6 3. Bb5 a6 4. Ba4 Nf6 5. d3 Bc5 6. c3 O-O 7. Bxc6 dxc6 8. Nxe5 Re8 9. Nf3 Bg4 10. O-O Qd7 11. Bg5 Rad8 12. e5 Bxf3 13. Qxf3 Rxe5 14. Bxf6 gxf6 15. d4 Rf5 16. Qg4+ Kh8 17. dxc5 Rg8 18. Qd4 Qe6 19. Na3 Qe2 20. c4 Rxg2+ 21. Kh1 Qf3 22. Qe3 Rxh2+ 23. Kxh2 Rh5+ 24. Kg1 Rh1# 0-1